Cogmind - Beta 13 @@@ ROGUE MODE // 2024.04.01 @ 18:37:36 Player: GreyJackal Result: Destroyed by ZQ-MHW(R) with Subdweller Laser Performance ------------- Evolutions (0) 0 Regions Visited (2) 400 Robots Destroyed (11) 55 Value Destroyed (274) 274 Prototype IDs (0) 0 Alien Tech Used (0) 0 Bonus (0) 0 TOTAL SCORE: 729 Bonus ------- None Cogmind --------- Core Integrity 0/250 Matter 293/300 Energy 199/200 System Corruption 0% Temperature Cool (6) Movement Core (100) Ox1 Location -10/Subcaves Parts ------- > --- POWER (1) -------- Subdweller Power Source > --- PROPULSION (2) --- (None) > --- UTILITY (2) ------ (None) > --- WEAPON (2) ------- (None) > --- INVENTORY (5) ---- Subdweller Power Source Structural Scanner Subdweller Optics Scrap Shield Fragment (47) Peak State ------------ > --- POWER ------------ Ion Engine > --- PROPULSION ------- Light Treads Light Treads > --- UTILITY ---------- Scrap Shield > --- WEAPON ----------- Assault Rifle Light Assault Rifle > --- INVENTORY -------- Light Ion Engine Structural Scanner Grenade Launcher [Rating: 9] Favorites ----------- Power Ion Engine Engine Ion Engine Propulsion Light Treads Treads Light Treads Utility Scrap Shield Device Structural Scanner Protection Scrap Shield Weapon Light Assault Rifle Ballistic Gun Light Assault Rifle Launcher Grenade Launcher Build | -11 -10 -10 ------- Run | Yrd Mat Sub Slots Evolved . | . . . Power . | . . . Propulsion . | . . . Utility . | . . . Weapon . | . . . Parts Attached 11 | 5 3 3 Power 2 | 1 . 1 Engine 2 | 1 . 1 Core . | . . . Reactor . | . . . Propulsion 2 | 2 . . Treads 2 | 2 . . Leg . | . . . Wheel . | . . . Hover . | . . . Flight . | . . . Utility 2 | . 1 1 Device 1 | . 1 . Storage . | . . . Processor . | . . . Hackware . | . . . Protection 1 | . . 1 Artifact . | . . . Weapon 5 | 2 2 1 Energy Gun . | . . . Energy Cannon . | . . . Ballistic Gun 3 | 2 1 . Ballistic Cannon . | . . . Launcher 2 | . 1 1 Special Weapon . | . . . Impact Weapon . | . . . Slashing Weapon . | . . . Piercing Weapon . | . . . Special Melee Weapon . | . . . Unidentified Prototypes . | . . . Parts Lost 6 | . . 6 Power . | . . . Propulsion 2 | . . 2 Utility 1 | . . 1 Weapon 3 | . . 3 Highest Loss Streak 5 | . . 5 To Critical Strikes . | . . . Average Slot Usage (%) 73 | . 76 70 Engine 14 | . 14 14 Treads 22 | . 28 14 Device 3 | . 5 . Protection 5 | . . 12 Ballistic Gun 27 | . 27 26 Naked Turns . | . . . Heaviest Build 27 | 8 10 27 Greatest Support 40 | 40 40 40 Greatest Overweight (x) 1 | . . 1 Average Overweight (x) . | . . . Largest Inventory Capacity 5 | 5 5 5 Average Capacity 5 | 5 5 5 Most Carried 5 | 4 2 5 Average Carried 2 | 1 1 3 Final Capacity 5 | 5 5 5 Final Carried 4 | 1 2 4 Class Distribution -------------------- 100% | Mutant Dominant Class ---------------- Mutant | -10/Materials Mutant | -10/Subcaves Resources | -11 -10 -10 ----------- Run | Yrd Mat Sub Matter Collected 509 | 229 141 139 Remotely . | . . . Salvage Created 466 | . 227 239 Parts 31 | . 12 19 Haulers Intercepted 1 | . 1 . Recyclers Shooed 1 | . 1 . Parts Field Recycled . | . . . Retrieved Matter . | . . . Parts Self-Destructed 8 | . . 8 Prevented . | . . . Kills | -11 -10 -10 ------- Run | Yrd Mat Sub Combat Hostiles Destroyed 9 | . 6 3 Guns 7 | . 6 1 AOE 2 | . . 2 Classes Destroyed 5 | . 4 1 Tunneler 1 | . 1 . Hauler 1 | . 1 . Swarmer 3 | . 3 . Grunt 3 | . 3 . Subdweller 3 | . . 3 Best Kill Streak 3 | . 3 3 Combat Bots Only 3 | . 3 3 Max Kills in Single Turn 2 | . 2 2 Gunslinging 1 | . 1 . Exploded 2 | . . 2 Melee . | . . . Uniques/NPCs Destroyed . | . . . Combat | -11 -10 -10 -------- Run | Yrd Mat Sub Hostile Shots Fired 73 | . 29 44 Missed 19 | . 7 12 Damage Taken 1067 | . 262 805 Core 266 | . 11 255 Absorbed by Shields . | . . . Core Remaining (%) 100 | 100 . . Volleys Fired 57 | . 33 24 Largest 2 | . 2 2 Hottest 50 | . 40 50 Shots Fired 109 | . 64 45 Gun 106 | . 62 44 Cannon . | . . . Launcher 3 | . 2 1 Special . | . . . Kinetic 106 | . 62 44 Thermal . | . . . Explosive 3 | . 2 1 Electromagnetic . | . . . Robot Hit Streak 27 | . 14 27 Robot Miss Streak 5 | . 5 1 Penetration Max . | . . . Secondary Targets 1 | . 1 . Max Gunslinging Chain 1 | . 1 . Shots Hit Robots 73 | . 34 39 Core Hits 28 | . 13 15 Critical Kills . | . . . Critical Parts Destroyed 1 | . . 1 Critical Strikes 1 | . . 1 Destroy 1 | . . 1 Melee Attacks . | . . . Impact . | . . . Slashing . | . . . Piercing . | . . . Sneak Attacks . | . . . Combat Hostiles . | . . . Follow-up Attacks . | . . . Damage Inflicted 999 | . 402 597 Guns 740 | . 350 390 Cannons . | . . . Explosions 257 | . 50 207 Melee . | . . . Ramming 2 | . 2 . Kinetic 740 | . 350 390 Thermal . | . . . Explosive 257 | . 50 207 Electromagnetic . | . . . Impact . | . . . Slashing . | . . . Piercing . | . . . Highest Corruption . | . . . Average Corruption . | . . . Corruption Purged . | . . . Corruption Blocked . | . . . Overload Shots . | . . . Overflow Damage . | . . . Projectiles . | . . . Explosions . | . . . Melee . | . . . Knockbacks . | . . . Impact . | . . . Kinetic . | . . . Secondary . | . . . Self-Inflicted Damage 18 | . . 18 Shots 1 | . . 1 Rammed 1 | . 1 . Targets Rammed 1 | . 1 . Kicked . | . . . Crushed . | . . . Highest Temperature 18 | . 18 9 Average Temperature 6 | . 6 9 Received Heat Transfer 306 | . 114 192 Siege Activations . | . . . Robots Corrupted . | . . . Combat Hostiles . | . . . Parts Fried . | . . . Impact Corruptions . | . . . Robots Melted . | . . . Combat Hostiles . | . . . Parts Melted . | . . . Heat Transferred . | . . . Parts Sabotaged . | . . . Parts Stolen . | . . . Parts Stripped . | . . . Power Chain Reactions . | . . . Alert | -11 -10 -10 ------- Run | Yrd Mat Sub Peak Influence 222 | . 222 . Initial . | . . . Average 113 | . 131 . Maximum Alert Level 1 | . 1 . Low Security (%) 89 | 100 88 . Level 1 10 | . 11 . Level 2 . | . . . Level 3 . | . . . Level 4 . | . . . Level 5 . | . . . High Security . | . . . Max Security . | . . . Squads Dispatched 1 | . 1 . Investigation . | . . . Extermination . | . . . Reinforcement 1 | . 1 . Assault . | . . . Garrison . | . . . Intercept . | . . . Searches Triggered . | . . . Construction Impeded . | . . . Haulers Reinforced . | . . . Active Scanning Responses . | . . . Cargo Convoy Interrupts . | . . . Stealth | -11 -10 -10 --------- Run | Yrd Mat Sub Distress Signals . | . . . Communications Jammed . | . . . Distress Signals . | . . . Times Spotted 22 | . 9 13 Peak Tracking Total 8 | . 3 8 Tactical Retreats . | . . . Traps | -11 -10 -10 ------- Run | Yrd Mat Sub Traps Triggered . | . . . Indirectly . | . . . Trap Hack Attempts . | . . . Triggered . | . . . Disarmed . | . . . Reprogrammed . | . . . Reused . | . . . Traps Extracted . | . . . Installed . | . . . Triggered . | . . . Machines | -11 -10 -10 ---------- Run | Yrd Mat Sub Machines Disabled . | . . . Max in Single Turn . | . . . Machines Repaired . | . . . Machines Dismantled . | . . . Machines Sabotaged . | . . . Overloaded Fab Kills . | . . . Hacking | -11 -10 -10 --------- Run | Yrd Mat Sub Machines Accessed 2 | . 2 . Terminals 2 | . 2 . Fabricators . | . . . Repair Stations . | . . . Recycling Units . | . . . Scanalyzers . | . . . Garrison Access . | . . . Total Hacks 6 | . 6 . Successful 4 | . 4 . Failed 2 | . 2 . Catastrophic 1 | . 1 . Database Lockouts . | . . . Manual . | . . . Terminals 6 | . 6 . Fabricators . | . . . Repair Stations . | . . . Recycling Units . | . . . Scanalyzers . | . . . Garrison Access . | . . . Terminal Hacks 4 | . 4 . Record 3 | . 3 . Alert Level 1 | . 1 . Fabricator Hacks . | . . . Repair Station Hacks . | . . . Recycling Unit Hacks . | . . . Scanalyzer . | . . . Garrison Access Hacks . | . . . Unauthorized Hacks . | . . . Terminals . | . . . Fabricators . | . . . Repair Stations . | . . . Recycling Units . | . . . Scanalyzers . | . . . Garrison Access . | . . . Data Cores Recovered . | . . . Used . | . . . Hacking Detections 2 | . 2 . Full Trace Events . | . . . Feedback Events . | . . . Feedback Blocked . | . . . Robot Schematics Acquired . | . . . Robots Built . | . . . Authchips . | . . . Time . | . . . Total Robot Build Rating . | . . . Part Schematics Acquired . | . . . Parts Built . | . . . Authchips . | . . . Time . | . . . Total Part Build Rating . | . . . Parts Repaired . | . . . Time . | . . . Parts Recycled . | . . . Recycled Matter . | . . . Retrieved Matter . | . . . Retrieved Components . | . . . Parts Scanalyzed . | . . . Part Schematics Acquired . | . . . Parts Damaged . | . . . Bothacking | -11 -10 -10 ------------ Run | Yrd Mat Sub Used RIF Installer . | . . . Robots Hacked . | . . . Non-combat . | . . . Combat . | . . . Robot Hacks Applied . | . . . Relay Couplers Released . | . . . Fabnet Peak Effective % . | . . . Robots Rewired . | . . . Allies Hacked . | . . . Hacks Repelled . | . . . Allies | -11 -10 -10 -------- Run | Yrd Mat Sub Total Allies . | . . . Largest Group . | . . . Highest-Rated Group . | . . . Highest-Rated Ally . | . . . Total Orders . | . . . Ally Attacks . | . . . Total Damage . | . . . Kills . | . . . Allies Corrupted . | . . . Allies Melted . | . . . Intel | -11 -10 -10 ------- Run | Yrd Mat Sub Robot Analysis Total . | . . . Derelict Logs Recovered 1 | . . 1 Drone Launches . | . . . Drone Recoveries . | . . . Exploration | -11 -10 -10 ------------- Run | Yrd Mat Sub Turns Passed 681 | 61 377 243 Spaces Moved 289 | 43 175 71 Core 17 | 16 . 1 Treads 272 | 27 175 70 Legs . | . . . Wheels . | . . . Hover . | . . . Flight . | . . . Fastest Speed 50 | 50 160 100 Average Speed 171 | 119 160 232 Slowest Speed 240 | 160 160 240 Overloaded Moves . | . . . Propulsion Burnouts . | . . . Robots Hopped . | . . . Cave-ins Triggered . | . . . Exploration Rate (%) 13 | 3 32 6 Regions Visited 2 Branch Regions 1 Pre-discovered Areas . | . . . Known Exits Taken . | . . . Unknown Exits Taken 2 | 1 1 . Scrap Searched . | . . . Spaces Dug . | . . . Terrain Destroyed 11 | . 4 7 Melee . | . . . Projectile . | . . . AOE 11 | . 4 7 Terrain Rammed . | . . . Walls Destroyed . | . . . Machines Disabled . | . . . Actions | -11 -10 -10 --------- Run | Yrd Mat Sub Total 377 | 53 213 111 Wait 1 | . . 1 Move 287 | 42 174 71 Hop . | . . . Pick Up 15 | 6 2 7 Fast Attach . | . . . Attach 8 | 5 1 2 Detach 1 | . . 1 Swap 3 | . 2 1 Drop 4 | . . 4 Fire 57 | . 33 24 Melee . | . . . Ram . | . . . Kick . | . . . Crush 1 | . 1 . Escape Stasis . | . . . Rewire . | . . . Trap . | . . . Miscellaneous . | . . . Route ------- -11/Scrapyard -10/Materials (discovered 3 exits: [*Mat] / [*Min] / [*Sub]) -10/Subcaves History --------- Turn | Location | Event 5 | -11/Scrapyard | Discovered new exit (range 16) 62 | -11/Scrapyard | Entered Materials 229 | -10/Materials | Discovered new exit (range 4) 286 | -10/Materials | Discovered new exit (range 15) 306 | -10/Materials | Discovered new exit (range 11) 315 | -10/Materials | Build established: Mutant 439 | -10/Materials | Entered Subcaves 439 | -10/Subcaves | Learned Materials security intel 444 | -10/Subcaves | Ambushed by Subdwellers from Twisted Machinery 660 | -10/Subcaves | Ambushed by swarm of Subdwellers 660 | -10/Subcaves | Ambushed by Subdwellers from Twisted Machinery 660 | -10/Subcaves | Ambushed by Subdwellers from Twisted Machinery 660 | -10/Subcaves | Ambushed by Subdwellers from Twisted Machinery 672 | -10/Subcaves | Ambushed by Subdwellers from Twisted Machinery 676 | -10/Subcaves | Core integrity fell below 50% 681 | -10/Subcaves | Core integrity fell below 20% 682 | -10/Subcaves | Destroyed by ZQ-MHW(R) with Subdweller Laser Last Messages --------------- 8N-TKA(R) emerges from the Twisted Machinery. OU-WCW(R) destroyed. 5X-BQF(R) suffers critical hit (Burn). WD-6YW(R) emerges from the Twisted Machinery. MG-OHU(h) destroyed. Assault Rifle destroyed. EP-RSE(g) destroyed. WD-6YW(R) affixes Scrap Shield Fragment to Scrap Shield. O3-SH8(R) affixes Scrap Shield Fragment to Scrap Shield. R5-FPF(R) angrily emerges from the Twisted Machinery. R5-FPF(R) destroyed. MP-PKG(R) destroyed. Scrap Shield destroyed. Grenade Launcher destroyed. O3-SH8(R) destroyed. Lgt. Treads destroyed. Lgt. Assault Rifle destroyed. Map ----- +----------------------------------------------------+ | ?????????????????????????????????????????????????? | | ?????????????????????????????????????????????????? | | ?????????????????????????????????????????????????? | | ?????????????????????????????????????????????????? | | ?????????????????????????????????????????????????? | | ?????????????????????????????????????????????????? | | ?????????????????????????????????????????????????? | | ?????????????????????????????????????????????????? | | ?????????????????????????????????????????????????? | | ?????????????????????????????????????????????????? | | ?????????????????????????????????????????????????? | | ?????????????????????????????????????????????????? | | ?????????????????????????????????????????????????? | | ?????????????????????????????????????????????????? | | ?????????????????????????????????????????????????? | | ?????????????????????????????????????????????????? | | ?????????????????????????????????????????????????? | | ?????????????????????????????????????????????????? | | ?????????????????????????????????????????????????? | | ?????????????????????????????????????????????????? | | ?????????????????????????????????????????????????? | | ??????????????????####???????????????????????????? | | ??????????? ##### ###???????????????? ?????? | | ?????????? ???????????????? ?? " | | ?????????? ##?????????????? """ | | ??????????# @##??????????????? """ | | ??????????# ## R ##???????????????# "" | | ????????????????????### #???????????????# "" | | ??????????????????????## #???????????????# " | | ???????????????????????## RR #?????????????#? # " | | ????????????????????????# *R #?????????????# ## | | ????????????????????????##!%!*#????????????## #### | | ????????????????????????##%&!&#??????????### ### | | ????????????????????????#[*=%*#?????????## ## # # | | ???????????????????????## [!&##????????## | | ???????????????????????# %*%#????????## # # | | ???????????????????????# %!RR#????????# ##?## | | ???????????????????????## =[!##???????#*& &##???# | | ????????????????????????## #####?###"%& ##??## | | ????????????????????????## ## ### # &" ##### | | ???????????????????????## &[* " # | | ???????????????????????# =%[=! | | ???????????????????????# ###&* ###### | | ???????????????????????# ## #?## ##????? | | ???????????????????????## #######??# #####?????? | | ????????????????????????#####????????###?????????? | | ?????????????????????????????????????????????????? | | ?????????????????????????????????????????????????? | | ?????????????????????????????????????????????????? | | ?????????????????????????????????????????????????? | +----------------------------------------------------+ Best States ------------- Heat Dissipation 25 Energy Generation 15 Energy Capacity 250 Matter Stores 300 Matter Capacity 300 Sight Range 16 Terrain Scan Density 10 Armor Coverage 800 Evasion (%) 50 Recoil Reduction 2 Item Schematics ----------------- None Robot Schematics ------------------ None Fabricated ------------ Nothing Alien Tech Used ----------------- None Achievements -------------- None Challenges ------------ None Game ------ Seed CentriumDisruptorSabre Manual? 0 Play Time 00:08:36 Cumulative 4.8 hours Start 2024.04.01 @ 18:29:04 End 2024.04.01 @ 18:37:36 Sessions 1 Manual Loads 0 Difficulty Rogue Special Mode None Game No. 8 Rogue 8 Adventurer 0 Explorer 0 Win Type - Total 0 Types 0/0/0/0/0/0/0/0/0 Lore% 13 Gallery% 11 Achievement% 10 Wizard Run 0 Options --------- Layout 1 ASCII 0 Keyboard 0 Movement Mouse Keybinds 0 Fullscreen 1 Font 32/SmallcapsGlow Map View 50x35 Zoom Use 0% Tactical HUD 0 Map Filters NONE Filters NONE Steam 1 RUN: 1665688e-b19d-4ed6-bd69-564b25d42486